 Dungeon Crawl Stone Soup version 0.19.5 (webtiles) character file.

632 Megalobster the Cleaver (level 7, -3/64 HPs)
             Began as a Minotaur Berserker on Mar 31, 2017.
             Was a Priest of Trog.
             Slain by Megalobster's ghost (9 damage)
             ... on level 5 of the Dungeon.
             The game lasted 00:10:35 (4211 turns).

Megalobster the Cleaver (Minotaur Berserker)        Turns: 4211, Time: 00:10:37

Health: -3/64      AC:  8    Str: 23    XL:     7   Next: 24%
Magic:  6/6        EV:  8    Int:  4    God:    Trog [***...]
Gold:   163        SH:  0    Dex: 10    Spells: 0 memorised, 6 levels left

rFire  . . .     SeeInvis .     a - +0 hand axe
rCold  . . .     Gourm    .     s - +0 chain mail
rNeg   . . .     Faith    .     (no shield)
rPois  .         Spirit   .     (helmet restricted)
rElec  .         Reflect  .     (no cloak)
rCorr  .         Harm     .     (no gloves)
MR     .....     Rnd*Tele +     (no boots)
Stlth  ..........               (no amulet)
                                (no ring)
                                g - ring of teleportation (curse)

@: exhausted, slowed, very slow
A: retaliatory headbutt, horns 2
a: Berserk, Trog's Hand, Burn Spellbooks, Renounce Religion


You were on level 5 of the Dungeon.
You worshipped Trog.
Trog was most pleased with you.
You were not hungry.

You visited 1 branch of the dungeon, and saw 5 of its levels.
You also visited: Sewer.

You collected 163 gold pieces.

Inventory:

Hand Weapons
 a - a +0 hand axe (weapon)
 A - a +0 dagger of pain
Missiles
 d - 5 tomahawks (quivered)
Armour
 b - a +0 animal skin
 h - a +0 ring mail
 s - a +0 chain mail (worn)
Jewellery
 g - a cursed ring of teleportation (left hand)
Scrolls
 f - 2 scrolls of enchant armour {unknown}
 l - 2 scrolls of fear {unknown}
 m - 4 scrolls of identify {unknown}
 n - a scroll of blinking {unknown}
 q - 3 scrolls of amnesia {unknown}
 r - a scroll of teleportation {unknown}
 t - 4 scrolls of remove curse {unknown}
 y - a scroll of noise {unknown}
 z - a scroll of magic mapping {unknown}
 B - 3 scrolls of recharging {unknown}
 C - a scroll of immolation {unknown}
Potions
 e - 5 potions of curing {unknown}
 i - 3 potions of brilliance {unknown}
 j - 2 potions of beneficial mutation {unknown}
 o - 3 potions of resistance {unknown}
 p - a potion of heal wounds
 u - a potion of mutation {unknown}
 v - a potion of invisibility {unknown}
 w - 2 potions of lignification {unknown}
 x - 3 potions of flight {unknown}
 D - a potion of degeneration {unknown}
Comestibles
 c - a bread ration


   Skills:
 + Level 6.6 Fighting
 * Level 8.5 Axes
 - Level 2.4 Armour
 - Level 2.1 Dodging


You had 6 spell levels left.
You didn't know any spells.

Dungeon Overview and Level Annotations

Branches:
Dungeon (5/15)             Temple (0/1) D:5

Altars:
Kikubaaqudgha
Uskayaw

Annotations:
D:5 Megalobster's ghost, amateur MiBe


Innate Abilities, Weirdness & Mutations

You reflexively headbutt those who attack you in melee.
You have a pair of horns on your head.


Message History

Trog accepts your kill.
You see here a scroll labeled BAUFUC JONAU.
Megalobster's ghost hits you.
* * * LOW HITPOINT WARNING * * *
Megalobster's ghost hits you.
* * * LOW HITPOINT WARNING * * *
You see here a dark potion.
You hit Megalobster's ghost.
Megalobster's ghost is moderately damaged.
Megalobster's ghost hits you but does no damage.
You hit Megalobster's ghost. You headbutt Megalobster's ghost.
Megalobster's ghost is moderately damaged.
Megalobster's ghost hits you but does no damage.
You barely miss Megalobster's ghost.
Your headbutt misses Megalobster's ghost.
Megalobster's ghost is moderately damaged.
Megalobster's ghost hits you but does no damage.
Megalobster's ghost whispers, "The ORB doesn't exist."
Megalobster's ghost hits you!
You die...

##.##.##.####<##
.#.........#.....
.............#
#..⌠...⌠..#
.#.........###
......>......###
#.........#...##.#
.#..⌠...⌠..#<.....##
.......W@...........
##.....?...#........
##.##.##.##........
#. ............!##.
#...........>...#
#...............#
##.............##
.#.....#.....##
..##..


You could see Megalobster's ghost.

Vanquished Creatures
  Sigmund (D:4)
  An ice beast (D:5)
  A big kobold (Sewer)
  An orc priest (D:3)
  An orc wizard (D:3)
  2 bullfrog skeletons
  A worker ant (D:4)
  A worker ant zombie (D:5)
  A river rat (D:3)
  5 adders
  A shadow imp (D:4)
  6 worms
  3 dart slugs (D:1)
  2 leopard geckos (D:3)
  3 orcs (D:3)
  A ball python (D:3)
  10 bats
  2 giant cockroaches
  5 goblins
  11 hobgoblins
  8 jackals
  9 kobolds
  A quokka (D:2)
  3 frilled lizards
  14 rats
94 creatures vanquished.

Notes
Turn   | Place    | Note
-------+----------+-------------------------------------------
     0 | D:1      | Megalobster the Minotaur Berserker began the quest for the Orb.
     0 | D:1      | Reached XP level 1. HP: 19/19 MP: 0/0
   207 | D:1      | Reached skill level 4 in Axes
   224 | D:1      | Reached XP level 2. HP: 12/27 MP: 1/1
  1093 | D:2      | Reached XP level 3. HP: 33/33 MP: 2/2
  1107 | D:2      | Reached skill level 5 in Axes
  1294 | D:2      | Reached ** piety under Trog
  1308 | D:2      | Found an ancient bone altar of Kikubaaqudgha.
  1925 | D:3      | Noticed Sigmund
  1981 | D:3      | Reached XP level 4. HP: 40/40 MP: 3/3
  1996 | D:3      | Found a hide-covered altar of Uskayaw.
  2108 | D:3      | Found a faded altar of an unknown god.
  2365 | D:3      | Reached skill level 5 in Fighting
  2365 | D:3      | Reached skill level 6 in Axes
  2365 | D:3      | Reached XP level 5. HP: 48/48 MP: 4/4
  2517 | D:3      | Found a glowing drain.
  2529 | Sewer    | Entered a sewer
  2532 | Sewer    | Reached *** piety under Trog
  2602 | Sewer    | Reached XP level 6. HP: 56/56 MP: 5/5
  2661 | Sewer    | Found a glowing silver altar of Zin.
  3312 | D:4      | Reached skill level 7 in Axes
  3369 | D:4      | Killed Sigmund
  4167 | D:5      | Entered Level 5 of the Dungeon
  4168 | D:5      | Found a staircase to the Ecumenical Temple.
  4168 | D:5      | Noticed an ice beast
  4171 | D:5      | Reached skill level 8 in Axes
  4171 | D:5      | Reached XP level 7. HP: 64/64 MP: 6/6
  4196 | D:5      | Noticed Megalobster's ghost (amateur MiBe)
  4211 | D:5      | Slain by Megalobster's ghost

Skill      XL: |  1  2  3  4  5  6 |
---------------+-------------------+-----
Axes           | 4 5 6 8 |  8.5
Fighting       | 4 5 6 |  6.6
Armour         | |  2.4
Dodging        | |  2.1

Action                   |  1- 3 |  4- 6 |  7- 9 || total
-------------------------+-------+-------+-------++-------
Melee: Hand axe          |    76 |   127 |    13 ||   216
       Headbutt          |    14 |    27 |     2 ||    43
Invok: Berserk           |       |     4 |     1 ||     5
       Trog's Hand       |       |     1 |       ||     1
  Eat: Bread ration      |     1 |       |     1 ||     2
       Chunk             |       |     8 |       ||     8
       Pizza             |       |     1 |       ||     1
Armor: Animal skin       |    14 |       |       ||    14
       Chain mail        |     1 |    51 |    10 ||    62
Dodge: Dodged            |    61 |    50 |     7 ||   118
